 Dungeon Crawl Stone Soup version 0.23.2-33-g5129a83184 (webtiles) character file.

Game seed: 7504478144706111056

6434 Exodus22XD the Cleaver (level 10, -1/92 HPs)
             Began as a Deep Dwarf Fighter on July 4, 2019.
             Was an Initiate of Makhleb.
             Slain by a komodo dragon (27 damage)
             ... on level 1 of the Lair of Beasts.
             The game lasted 00:29:23 (6729 turns).

Exodus22XD the Cleaver (Deep Dwarf Fighter)         Turns: 6729, Time: 00:29:24

Health: -1/92      AC: 14    Str: 25    XL:     10   Next: 67%
Magic:  6/6        EV:  8    Int:  9    God:    Makhleb [......]
Gold:   202        SH: 12    Dex: 12    Spells: 9/9 levels left

rFire    . . .     SeeInvis .   K - +0 trident (vamp)
rCold    + + .     Gourm    .   c - +0 shield
rNeg     . . .     Faith    .   B - +0 chain mail {rC+}
rPois    .         Spirit   .   y - +1 helmet
rElec    .         Reflect  .   (no cloak)
rCorr    .         Harm     +   (no gloves)
MR       ++...                  n - +0 pair of boots
Stlth    ..........             H - amulet of harm
HPRegen  0.00/turn              s - ring of protection from magic
MPRegen  0.10/turn              L - ring "Redghy" {rC+ Str+2 Slay+2 Stlth-}

@: non-regenerating
A: damage resistance, heal wounds, sense surroundings 2, no regeneration
a: Heal Wounds, Renounce Religion


You were on level 1 of the Lair of Beasts.
You worshipped Makhleb.
Makhleb was noncommittal.
You were not hungry.

You visited 3 branches of the dungeon, and saw 11 of its levels.

You collected 645 gold pieces.
You spent 443 gold pieces at shops.

Inventory:

Hand Weapons
 a - a +0 war axe
 b - a +0 trident of venom
 K - a +0 vampiric trident (weapon)
Armour
 c - a +0 shield (worn)
 n - a +0 pair of boots (worn)
 y - a +1 helmet (worn)
 B - a +0 chain mail of cold resistance (worn)
Jewellery
 s - a ring of protection from magic (left hand)
 x - an uncursed ring of positive energy
 H - an amulet of harm (around neck)
 L - the ring "Redghy" (right hand) {rC+ Str+2 Slay+2 Stlth-}
   (You bought it in a shop on level 7 of the Dungeon)

   [ring of attention]

   It affects your strength (+2).
   It affects your accuracy and damage with ranged weapons and melee attacks
   (+2).
   It protects you from cold.
   It makes you less stealthy.
 M - an uncursed ring of resist corrosion
 R - an uncursed ring of flight
Wands
 A - a wand of enslavement (4)
 E - a wand of paralysis (22)
 I - a wand of scattershot (2)
 N - a wand of polymorph (9)
Scrolls
 e - 2 scrolls of blinking
 i - a scroll of fear
 j - 8 scrolls of remove curse
 m - a scroll of magic mapping
 o - 2 scrolls of fog
 p - 4 scrolls of teleportation
 r - 2 scrolls of random uselessness
 w - 2 scrolls of enchant armour {unknown}
 D - a scroll of enchant weapon {unknown}
 F - a scroll of immolation {unknown}
 J - a scroll of summoning {unknown}
 O - a scroll of amnesia
Potions
 d - 2 potions of might
 g - a potion of invisibility
 h - 3 potions of curing
 k - 3 potions of agility
 l - a potion of degeneration {unknown}
 q - a potion of flight
 t - 2 potions of haste {unknown}
 u - 5 potions of heal wounds
 v - a potion of ambrosia {unknown}
 z - a potion of lignification {unknown}
 C - 3 potions of cancellation {unknown}
 G - 2 potions of brilliance {unknown}
Comestibles
 f - 9 rations
 P - a chunk of flesh


   Skills:
 + Level 6.7 Fighting
 * Level 11.8 Axes
 - Level 1.0(6.4) Polearms
 + Level 7.4 Armour
 + Level 3.2 Dodging
 + Level 2.3 Stealth
 + Level 8.4 Shields


You had 9 spell levels left.
You didn't know any spells.
Your spell library contained the following spells:

 Spells                   Type           Power        Failure   Level  Hunger
 Apportation              Tloc           #.....       99%         1    ##.....
 Flame Tongue             Conj/Fire      #....        99%         1    ##.....
 Magic Dart               Conj           #...         99%         1    ##.....
 Summon Butterflies       Summ           #.......     99%         1    ##.....
 Blink                    Tloc           N/A          100%        2    ###....
 Call Imp                 Summ           #.......     100%        2    ###....
 Slow                     Hex            #.......     100%        2    ###....
 Throw Flame              Conj/Fire      #.....       100%        2    ###....
 Conjure Flame            Conj/Fire      #.......     100%        3    ####...
 Inner Flame              Hex/Fire       #.......     100%        3    ####...
 Lesser Beckoning         Tloc           #.........   100%        3    ####...
 Mephitic Cloud           Conj/Pois/Air  #.......     100%        3    ####...
 Tukima's Dance           Hex            #.......     100%        3    ####...
 Sticky Flame             Conj/Fire      #.......     100%        4    #####..
 Alistair's Intoxication  Tmut/Pois      #.......     100%        5    ######.
 Fireball                 Conj/Fire      #.........   100%        5    ######.
 Invisibility             Hex            #.......     100%        6    #######


Dungeon Overview and Level Annotations

Branches:
Dungeon (9/15)             Temple (1/1) D:6            Lair (1/6) D:9
    Orc: D:9-12

Altars:
Ashenzari
Cheibriados
Dithmenos
Elyvilon
Fedhas
Gozag
Hepliaklqana
Kikubaaqudgha
Makhleb
Nemelex Xobeh
Okawaru
Qazlal
Ru
Sif Muna
Trog
Uskayaw
Vehumet
Wu Jian
Xom
Yredelemnul
Zin
The Shining One

Shops:
D:4 (   D:5 %   D:6 (*   D:7 =


Innate Abilities, Weirdness & Mutations

You are resistant to damage.
You can heal yourself by infusing magical energy.
You passively map the area around you.
You do not regenerate.


Message History

You hit the komodo dragon.
The komodo dragon is lightly wounded.
You block the komodo dragon's attack.
Some of the chunks of flesh in your inventory have rotted away.
You hit the komodo dragon but do no damage.
The komodo dragon is lightly wounded.
The komodo dragon bites you!
You are too injured to fight recklessly!
You are too injured to fight recklessly!
You puncture the komodo dragon!
The komodo dragon is moderately wounded.
The komodo dragon bites you!
* * * LOW HITPOINT WARNING * * *
You puncture the komodo dragon!
The komodo dragon is heavily wounded.
The komodo dragon bites you but does no damage.
You hit the komodo dragon.
You feel better.
The komodo dragon is heavily wounded.
The komodo dragon bites you!!
You die...

#..#...... *
#...........## ** , *
##............# ## , ,
#.............### .. , ,
................###. , ,
..รท<............#P., ,
#............##... ,, *
.............##..# , ,
..............#.@# ,, ,
,
............#.#.#l......
,
...........###..#.......
, #........###
#####P..... ,,, ,
#####..##.# *##.... ,
####### ##.., , * . , *


You could see a komodo dragon.

Vanquished Creatures
  A two-headed ogre (D:8)
  Pikel (D:5)
  A hippogriff (D:9)
  A wyvern (D:8)
  4 yaks (D:9)
  A hungry ghost (D:8)
  A water moccasin (D:8)
  Duvessa (D:4)
  2 ice beasts
  4 sky beasts
  A slave (D:5)
  An orc warrior (D:7)
  A black bear (D:8)
  3 phantoms
  An eye of draining (D:9)
  A necrophage (D:9)
  6 ogres
  A crocodile (Lair:1)
  4 centaurs
  5 bullfrogs
  A wyvern zombie (D:8)
  Dowan (D:4)
  A wyvern skeleton (D:9)
  2 scorpions
  4 howler monkeys
  3 crimson imps
  A bullfrog zombie (D:6)
  A jelly (D:7)
  3 centaur skeletons
  6 orc priests
  2 hounds
  11 orc wizards
  An iguana (D:5)
  4 worker ants
  A worker ant zombie (D:8)
  5 gnolls
  2 howler monkey skeletons
  13 adders
  3 shadow imps
  2 oozes (D:3)
  An adder zombie (D:9)
  An adder skeleton (D:9)
  5 worms
  2 dart slugs
  2 leopard geckos
  32 orcs
  5 giant cockroaches
  7 goblins
  8 hobgoblins
  7 jackals
  2 quokkas
  2 ball pythons
  8 bats
  7 frilled lizards
  9 kobolds
  A leopard gecko zombie (D:5)
  10 rats
217 creatures vanquished.

Notes
Turn   | Place    | Note
-------+----------+-------------------------------------------
     0 | D:1      | Exodus22XD the Deep Dwarf Fighter began the quest for the
                  | Orb.
     0 | D:1      | Reached XP level 1. HP: 20/20 MP: 1/1
   116 | D:1      | Reached XP level 2. HP: 25/27 MP: 2/2
   370 | D:1      | Reached XP level 3. HP: 16/33 MP: 3/3
   820 | D:2      | Reached skill level 3 in Axes
   823 | D:2      | Found a snail-covered altar of Cheibriados.
   988 | D:2      | Reached XP level 4. HP: 39/42 MP: 4/4
  1002 | D:2      | Found an iron altar of Okawaru.
  1554 | D:3      | Reached XP level 5. HP: 39/49 MP: 5/5
  1594 | D:3      | Reached skill level 4 in Axes
  1605 | D:3      | Found a hazy altar of Hepliaklqana.
  1832 | D:3      | Reached skill level 1 in Dodging
  1844 | D:3      | Reached XP level 6. HP: 29/57 MP: 6/6
  2320 | D:4      | Found an ornate altar of the Wu Jian Council.
  2385 | D:4      | Noticed Dowan
  2387 | D:4      | Noticed Duvessa
  2411 | D:4      | Killed Duvessa
  2411 | D:4      | Reached skill level 5 in Axes
  2431 | D:4      | Killed Dowan
  2431 | D:4      | Reached XP level 7. HP: 64/64 MP: 6/6
  2524 | D:4      | Reached skill level 5 in Shields
  2579 | D:4      | Reached skill level 6 in Axes
  2584 | D:4      | Found a shimmering altar of Xom.
  2802 | D:4      | Found Panuik's Antique Weapon Shop.
  3050 | D:5      | Entered Level 5 of the Dungeon
  3129 | D:5      | Reached skill level 7 in Axes
  3129 | D:5      | Reached XP level 8. HP: 31/73 MP: 7/7
  3150 | D:5      | Found the +8 longbow "Zephyr" {speed, Dex+3 SInv}
  3161 | D:5      | Reached skill level 5 in Armour
  3317 | D:5      | Found Veixken's Food Shoppe.
  3388 | D:5      | Noticed Pikel
  3410 | D:5      | Killed Pikel
  3410 | D:5      | Reached skill level 5 in Fighting
  3410 | D:5      | Reached skill level 8 in Axes
  3553 | D:5      | Reached skill level 9 in Axes
  3744 | D:6      | Found a white marble altar of Elyvilon.
  3846 | D:6      | Gained mutation: You passively map the area around you.
                  | [Deep Dwarf growth]
  3846 | D:6      | Reached XP level 9. HP: 53/81 MP: 8/8
  3885 | D:6      | Found Valear's Antique Weapon Shoppe.
  3885 | D:6      | Found a staircase to the Ecumenical Temple.
  3895 | Temple   | Entered the Ecumenical Temple
  4466 | D:6      | Found Abuakea's Assorted Antiques.
  4913 | D:7      | Reached skill level 10 in Axes
  4987 | D:7      | Found a shattered altar of Ashenzari.
  4987 | D:7      | Found an ancient bone altar of Kikubaaqudgha.
  5288 | D:7      | Found Apuutup's Jewellery Emporium.
  5291 | D:7      | Bought the ring "Redghy" {rC+ Str+2 Slay+2 Stlth-} for 443
                  | gold pieces
  5295 | D:7      | Found a shimmering altar of Xom.
  5330 | D:7      | Found a glowing golden altar of the Shining One.
  5495 | D:8      | Reached skill level 11 in Axes
  5601 | D:8      | Noticed a two-headed ogre
  5621 | D:8      | Killed a two-headed ogre
  5621 | D:8      | Reached skill level 1 in Polearms
  5621 | D:8      | Reached XP level 10. HP: 53/91 MP: 6/6
  5669 | D:8      | Found a hide-covered altar of Uskayaw.
  6091 | D:9      | Found a deep blue altar of Sif Muna.
  6469 | D:9      | Found a staircase to the Lair.
  6615 | D:9      | Found a burning altar of Makhleb.
  6618 | D:9      | Became a worshipper of Makhleb the Destroyer
  6664 | Lair:1   | Entered Level 1 of the Lair of Beasts
  6729 | Lair:1   | Slain by a komodo dragon

Skill      XL: |  1  2  3  4  5  6  7  8  9 10 |
---------------+-------------------------------+-----
Axes           | 3 4 5 7 9 11 | 11.8
Fighting       | 3 4 5 6 |  6.7
Armour         | 4 5 6 7 |  7.4
Shields        | 4 5 6 7 8 |  8.4
Dodging        | 1 2 3 |  3.2
Stealth        | 2 |  2.3
Polearms       | 1 |  1.0

Action                   |  1- 3 |  4- 6 |  7- 9 | 10-12 || total
-------------------------+-------+-------+-------+-------++-------
Melee: War axe           |    94 |   195 |   369 |       ||   658
       Trident           |       |       |    26 |   206 ||   232
 Abil: Heal Wounds       |     1 |     5 |    14 |     1 ||    21
  Use: Scroll            |       |     1 |    10 |     2 ||    13
  Eat: Chunk             |       |     5 |    11 |     2 ||    18
       Ration            |       |       |     4 |       ||     4
Armor: Scale mail        |    19 |    26 |       |       ||    45
       Ring mail         |    21 |     8 |       |       ||    29
       Chain mail        |       |    80 |   170 |    89 ||   339
Dodge: Dodged            |    39 |    75 |    98 |    53 ||   265
Block: Shield            |    72 |   149 |   209 |   103 ||   533
